 Dungeon Crawl Stone Soup version 0.27-a0-1105-g946c659c87 (webtiles) character file.

Game seed: 14513912426779277814

71 wakim the Digger (level 4, 0/24 HPs)
             Began as a Gargoyle Earth Elementalist on Apr 29, 2021.
             Was a Follower of Zin.
             Slain by a gnoll
             ... wielding a +0 flail
              (9 damage)
             ... on level 2 of the Dungeon.
             The game lasted 00:05:29 (2457 turns).

wakim the Digger (Gargoyle Earth Elementalist)      Turns: 2457, Time: 00:05:30

Health: 0/24       AC:  5    Str: 12    XL:     4   Next: 24%
Magic:  1/7        EV: 12    Int: 16    God:    Zin [*.....]
Gold:   32         SH:  0    Dex: 10    Spells: 3/7 levels left

rFire    . . .     SeeInvis .   a - +0 whip
rCold    . . .     Faith    .   (no shield)
rNeg     + . .     Spirit   .   c - +0 robe
rPois    ∞         Reflect  .   (no helmet)
rElec    +         Harm     .   (no cloak)
rCorr    .         Rampage  .   (no gloves)
Will     .....                  (no boots)
Stlth    ++........             (no amulet)
HPRegen  0.08/turn              (no ring)
MPRegen  0.10/turn              (no ring)

@: no status effects
A: AC +3, negative energy resistance 1, electricity resistance, torment
resistance 1, unbreathing 1, petrification resistance
a: Renounce Religion, Recite, Donate Gold


You were on level 2 of the Dungeon.
You worshipped Zin.
Zin was aware of your devotion.
You visited 1 branch of the dungeon, and saw 2 of its levels.

You collected 35 gold pieces.
You donated 3 gold pieces to Zin.

Inventory:

Hand Weapons
 a - a +0 whip (weapon)
Missiles
 s - 13 stones
Armour
 c - a +0 robe (worn)
Scrolls
 b - a scroll of teleportation {unknown}
 d - a scroll of fear {unknown}
 e - 2 scrolls of blinking {unknown}
 f - a scroll of identify {unknown}
Potions
 g - a potion of heal wounds {unknown}


   Skills:
 + Level 0.4 Fighting
 + Level 2.1 Dodging
 * Level 3.1 Stealth
 - Level 2.0 Spellcasting
 + Level 0.8 Conjurations
 - Level 0.7 Transmutations
 * Level 4.8 Earth Magic


You had 3 spell levels left.
You knew the following spells:

 Your Spells              Type           Power      Damage    Failure   Level
a - Sandblast             Erth           32%        2d9       3%          1
x - Stone Arrow           Conj/Erth      20%        3d8       19%         3

Your spell library contained the following spells:

 Spells                   Type           Power      Damage    Failure   Level
 Passwall                 Tmut/Erth      8%         N/A       10%         2
 Confusing Touch          Hex            1%         N/A       52%         3
 Gell's Gravitas          Tloc           0%         N/A       52%         3
 Petrify                  Tmut/Erth      10%        N/A       54%         4
 Lee's Rapid Deconstruct  Erth           8%         3d8*      63%         5
 Metabolic Englaciation   Hex/Ice        0%         N/A       99%         5
 Yara's Violent Unravell  Hex/Tmut       1%         3d3       99%         5


Dungeon Overview and Level Annotations

Branches:
Dungeon (2/15)

Altars:
Zin


Innate Abilities, Weirdness & Mutations

Your stone body is resilient. (AC +3)
You are immune to poison.
You resist negative energy. (rN+)
You are resistant to electric shocks. (rElec)
You are resistant to unholy torment.
You can survive without breathing.
You are immune to petrification.


Message History

Aiming: Sandblast (safe; 3% risk of failure)
Press: ? - help, Shift-Dir - straight line, f - gnoll
Aim: a gnoll, wielding a +0 spear (82% to hit)
The blast of sand hits the gnoll.
The gnoll is heavily wounded.
s - 16 stones The gnoll hits you but does no damage.
Casting: Sandblast (safe; 3% risk of failure)
Confirm with . or Enter, or press ? or * to list all spells.
Aiming: Sandblast (safe; 3% risk of failure)
Press: ? - help, Shift-Dir - straight line, f/p - gnoll
Aim: a gnoll, wielding a +0 spear (heavily wounded, 82% to hit)
The blast of sand hits the gnoll!
You kill the gnoll!
s - 15 stones
Things that are here:
a +0 spear; a gnoll corpse A gnoll is nearby!
The gnoll hits you with a +0 flail!
You closely miss the gnoll. The gnoll barely misses you.
Unknown command.
Casting: Sandblast (safe; 3% risk of failure)
Confirm with . or Enter, or press ? or * to list all spells.
Aiming: Sandblast (safe; 3% risk of failure)
Press: ? - help, Shift-Dir - straight line, f - gnoll
Aim: a gnoll, wielding a +0 flail (82% to hit)
The blast of sand misses the gnoll.
s - 14 stones The gnoll hits you with a +0 flail.
* * * LOW HITPOINT WARNING * * *
Casting: Sandblast (safe; 3% risk of failure)
Confirm with . or Enter, or press ? or * to list all spells.
Aiming: Sandblast (safe; 3% risk of failure)
Press: ? - help, Shift-Dir - straight line, f/p - gnoll
Aim: a gnoll, wielding a +0 flail (82% to hit)
The blast of sand hits the gnoll!
The gnoll is almost dead.
s - 13 stones The gnoll hits you with a +0 flail!
You die...

#.#.## ##.#.## ##)#.##
###...# #....## ##)###
#########
#.##########.######.>..÷..#
.....................####.#
#.#####.#####.@......####.#
####.##....g........##.# #
#.......##...........#.#
#.##.##.#####..#).......#.#
#..................(......#
####.#########.####.......#
#.# #...# #.......# #.#
#)### #.#...### #K# ###.###
#.#...#


You could see a gnoll.

Vanquished Creatures
  2 gnolls (D:2)
  An adder (D:2)
  3 dart slugs (D:1)
  2 bats (D:1)
  2 endoplasms (D:1)
  4 giant cockroaches
  3 hobgoblins (D:1)
  2 jackals (D:1)
  2 ball pythons (D:1)
  3 frilled lizards
  4 goblins
  6 kobolds
  2 rats (D:1)
36 creatures vanquished.

Notes
Turn   | Place    | Note
-------+----------+-------------------------------------------
     0 | D:1      | wakim the Gargoyle Earth Elementalist began the quest for
                  | the Orb.
     0 | D:1      | Reached XP level 1. HP: 10/10 MP: 3/3
   419 | D:1      | Reached skill level 4 in Earth Magic
   419 | D:1      | Reached XP level 2. HP: 11/15 MP: 3/5
   953 | D:1      | Reached XP level 3. HP: 16/19 MP: 6/6
  1144 | D:1      | Learned a level 3 spell: Stone Arrow
  1871 | D:1      | Found a faded altar of an unknown god.
  1874 | D:1      | Became a worshipper of Zin the Law-Giver
  1874 | D:1      | Reached * piety under Zin
  2441 | D:2      | Reached XP level 4. HP: 24/24 MP: 4/7
  2457 | D:2      | Slain by a gnoll

Illustrated notes

Levels and vault maps discovered:
D:1:      wheals_arrival_linesprint, layout_loops_cross,
          shapermc_ecumenical_altar_mp_vishouse
D:2:      minmay_inner_zag, layout_loops_cross

Skill      XL: |  1  2  3 |
---------------+----------+-----
Earth Magic    | 4 |  4.8
Dodging        | 2 |  2.1
Stealth        | 3 |  3.1
Fighting       | |  0.4
Spellcasting   | |  2.0
Conjurations   | |  0.8
Transmutations | |  0.7

Action                   |  1- 3 |  4- 6 || total
-------------------------+-------+-------++-------
Melee: Whip              |   151 |     1 ||   152
 Cast: Sandblast         |    13 |     4 ||    17
       Stone Arrow       |     2 |       ||     2
 Stab: Sleeping          |     3 |       ||     3
Armor: Robe              |    43 |     1 ||    44
Dodge: Dodged            |    99 |     1 ||   100

Table legend: (Time is in decaauts)
 A = Elapsed time spent in this place.
 B = Non-inter-level travel time spent in this place.
 C = Inter-level travel time spent in this place.
 D = Time resting spent in this place.
 E = Time spent auto-exploring this place.
 F = Levels seen in this place.
 G = Mean time per level.
                   A        B        C        D        E       F      G
               +--------+--------+--------+--------+--------+-----+--------+
         Total |   2471 |   2442 |     29 |      0 |   2087 |   2 | 1235.5 |
       Dungeon |   2471 |   2442 |     29 |      0 |   2087 |   2 | 1235.5 |
               +--------+--------+--------+--------+--------+-----+--------+

Top non-repeatable levels by time:
     D:1: 1931 daAuts
     D:2: 540 daAuts
